 Dungeon Crawl Stone Soup version 0.25-a0-200-g5ba96148f3 (console) character file.

Game seed: 8186555464171330670, levelgen mode: deterministic

385 Kagalorn the Magician (level 6, -4/44 HPs)
             Began as a Gnoll Wizard on Dec 2, 2019.
             Was an Initiate of Ashenzari.
             Killed from afar by an orc wizard (8 damage)
             ... with a magic dart
             ... on level 4 of the Dungeon.
             The game lasted 00:09:15 (3329 turns).

Kagalorn the Magician (Gnoll Wizard)                Turns: 3329, Time: 00:09:16

Health: -4/44      AC:  4    Str:  9    XL:     6   Next: 77%
Magic:  8/16       EV: 15    Int: 22    God:    Ashenzari [......]
Gold:   150        SH:  0    Dex: 14    Spells: 10/19 levels left

rFire    . . .     SeeInvis .   t - +0 broad axe
rCold    . . .     Gourm    .   (no shield)
rNeg     . . .     Faith    .   a - +0 robe
rPois    .         Spirit   .   A - +2 hat
rElec    .         Reflect  .   (no cloak)
rCorr    .         Harm     .   (no gloves)
MR       .....                  (no boots)
Stlth    +++.......             (no amulet)
HPRegen  0.14/turn              (no ring)
MPRegen  0.15/turn              (no ring)

@: no status effects
A: distributed training, fangs 1, strong nose
a: Curse Item, Renounce Religion


You were on level 4 of the Dungeon.
You worshipped Ashenzari.
Ashenzari was noncommittal.
You were not hungry.

You visited 2 branches of the dungeon, and saw 5 of its levels.

You collected 150 gold pieces.

Inventory:

Hand Weapons
 t - a +0 broad axe (weapon)
Missiles
 f - 121 stones
 o - 36 poisoned darts (quivered)
 p - 51 arrows
 y - 21 sling bullets
Armour
 a - a +0 robe (worn)
 A - a +2 hat (worn)
Jewellery
 h - a cursed ring of attention
 m - a cursed amulet of inaccuracy
 u - an uncursed ring of ice
Scrolls
 e - 2 scrolls of teleportation {unknown}
 i - 7 scrolls of identify {unknown}
 j - 2 scrolls of random uselessness {unknown}
 k - 2 scrolls of amnesia {unknown}
 q - a scroll of remove curse
 w - a scroll of noise {unknown}
 x - a scroll of fog {unknown}
 z - a scroll of magic mapping {unknown}
Potions
 c - 3 potions of haste {unknown}
 g - a potion of heal wounds {unknown}
 l - a potion of might {unknown}
 n - a potion of invisibility {unknown}
 r - 3 potions of agility {unknown}
 s - a potion of flight {unknown}
Comestibles
 d - 3 rations


   Skills:
 + Level 2.1 Fighting
 + Level 2.1 Short Blades
 + Level 2.1 Long Blades
 + Level 2.1 Axes
 + Level 2.1 Maces & Flails
 + Level 2.1 Polearms
 + Level 2.1 Staves
 + Level 2.1 Slings
 + Level 2.1 Bows
 + Level 2.1 Crossbows
 + Level 2.1 Throwing
 + Level 2.1 Armour
 + Level 5.0 Dodging
 + Level 4.6 Stealth
 + Level 2.1 Shields
 + Level 2.1 Unarmed Combat
 + Level 7.4 Spellcasting
 + Level 2.7 Conjurations
 + Level 1.6 Hexes
 + Level 1.6 Charms
 + Level 2.7 Summonings
 + Level 1.6 Necromancy
 + Level 2.7 Translocations
 + Level 1.6 Transmutations
 + Level 1.6 Fire Magic
 + Level 1.6 Ice Magic
 + Level 1.6 Air Magic
 + Level 1.6 Earth Magic
 + Level 1.6 Poison Magic
 + Level 2.3 Invocations
 + Level 2.1 Evocations


You had 10 spell levels left.
You knew the following spells:

 Your Spells              Type           Power        Failure   Level  Hunger
a - Magic Dart            Conj           ###.         2%          1    None
c - Conjure Flame         Conj/Fire      ###.....     10%         3    None
e - Mephitic Cloud        Conj/Pois/Air  ###.....     11%         3    None
g - Blink                 Tloc           N/A          3%          2    None

Your spell library contained the following spells:

 Spells                   Type           Power        Failure   Level  Hunger
 Call Imp                 Summ           ###.....     3%          2    None
 Slow                     Hex            ###.....     6%          2    None


Dungeon Overview and Level Annotations

Branches:
Dungeon (4/15)             Temple (1/1) D:4

Altars:
Ashenzari
Cheibriados
Fedhas
Gozag
Hepliaklqana
Kikubaaqudgha
Nemelex Xobeh
Qazlal
Ru
Sif Muna
Trog
Uskayaw
Vehumet
Wu Jian
Xom
Zin
The Shining One


Innate Abilities, Weirdness & Mutations

Your experience applies equally to all skills.
You have very sharp teeth.
Your uncanny sense of smell can sniff out nearby items.


Message History

An orc comes into view. It is wielding a +0 club.
The orc shouts!
The orc moves out of view.
An orc wizard comes into view. It is wielding a +0 dagger.
The orc wizard moves out of view.
You see here 19 stones.
An orc wizard comes into view. It is wielding a +0 dagger.
The orc wizard shouts!
You hear a shout!
The orc misses you.
The orc wizard casts a spell.
The orc wizard seems to speed up.
The orc wizard points at you and mumbles some strange words.
The puff of flame hits you.
* * * LOW HITPOINT WARNING * * *
The orc wizard points at you and mumbles some strange words.
The magic dart hits you.
* * * LOW HITPOINT WARNING * * *
The orc wizard gestures at you while chanting.
The magic dart hits you!
You die...

...####..###.# .⌠...........S#
#......oo#.##.# #........#.##(#
#........S....# #.......W....##
#.......o....(# #......%......#
###.#†@......# ######.#.#.....##
######........#######
##...#...###.......# ∩
##.........###......###
#...........###.##.#..####### ##
#..........##...............# #§
......#....##.#.#####..####.# #§
...........#....#####..####.####.


You could see a phantom, 2 orc wizards, an adder and an orc.

Vanquished Creatures
  2 scorpions
  A centaur skeleton (D:4)
  An orc wizard (D:3)
  Terence (D:3)
  An iguana (D:4)
  8 adders
  2 oozes
  A worm (D:2)
  3 dart slugs
  3 leopard geckos
  8 orcs (D:3)
  2 giant cockroaches (D:1)
  10 goblins
  9 hobgoblins
  2 jackals (D:1)
  A quokka (D:3)
  A ball python (D:1)
  9 bats
  5 frilled lizards
  9 kobolds
  A quokka skeleton (D:3)
  12 rats
92 creatures vanquished.

Notes
Turn   | Place    | Note
-------+----------+-------------------------------------------
     0 | D:1      | Kagalorn the Gnoll Wizard began the quest for the Orb.
     0 | D:1      | Reached XP level 1. HP: 13/13 MP: 8/8
   100 | D:1      | Reached XP level 2. HP: 19/19 MP: 5/10
   457 | D:1      | Reached XP level 3. HP: 25/25 MP: 5/11
   684 | D:1      | Reached skill level 1 in Invocations
  1010 | D:2      | Reached skill level 1 in Fighting
  1010 | D:2      | Reached skill level 1 in Short Blades
  1010 | D:2      | Reached skill level 1 in Long Blades
  1010 | D:2      | Reached skill level 1 in Axes
  1010 | D:2      | Reached skill level 1 in Maces & Flails
  1010 | D:2      | Reached skill level 1 in Polearms
  1010 | D:2      | Reached skill level 1 in Staves
  1010 | D:2      | Reached skill level 1 in Slings
  1010 | D:2      | Reached skill level 1 in Bows
  1010 | D:2      | Reached skill level 1 in Crossbows
  1010 | D:2      | Reached skill level 1 in Throwing
  1010 | D:2      | Reached skill level 1 in Armour
  1010 | D:2      | Reached skill level 1 in Shields
  1010 | D:2      | Reached skill level 1 in Unarmed Combat
  1010 | D:2      | Reached skill level 1 in Evocations
  1010 | D:2      | Reached XP level 4. HP: 31/32 MP: 2/13
  1138 | D:2      | Reached skill level 1 in Hexes
  1138 | D:2      | Reached skill level 1 in Charms
  1138 | D:2      | Reached skill level 1 in Necromancy
  1138 | D:2      | Reached skill level 1 in Transmutations
  1138 | D:2      | Reached skill level 1 in Fire Magic
  1138 | D:2      | Reached skill level 1 in Ice Magic
  1138 | D:2      | Reached skill level 1 in Air Magic
  1138 | D:2      | Reached skill level 1 in Earth Magic
  1138 | D:2      | Reached skill level 1 in Poison Magic
  1162 | D:2      | Reached XP level 5. HP: 32/37 MP: 4/14
  1292 | D:2      | Found a stormy altar of Qazlal.
  1316 | D:2      | Found a hide-covered altar of Uskayaw.
  2104 | D:3      | Noticed Terence
  2310 | D:2      | Learned a level 2 spell: Blink
  2314 | D:2      | Learned a level 3 spell: Conjure Flame
  2318 | D:2      | Learned a level 3 spell: Mephitic Cloud
  2383 | D:3      | Reached XP level 6. HP: 44/44 MP: 6/16
  2597 | D:3      | Found a sacrificial altar of Ru.
  2772 | D:3      | Found a bloodstained altar of Trog.
  2787 | D:3      | Killed Terence
  2872 | D:3      | Found a glowing silver altar of Zin.
  2873 | D:3      | Found a blossoming altar of Fedhas.
  3093 | D:4      | Found a staircase to the Ecumenical Temple.
  3095 | D:4      | Noticed a phantom
  3107 | Temple   | Entered the Ecumenical Temple
  3188 | Temple   | Became a worshipper of Ashenzari the Shackled
  3270 | D:4      | Reached skill level 5 in Dodging
  3329 | D:4      | Killed from afar by an orc wizard

Levels and vault maps discovered:
D:1:      kennysheep_arrival_forest, layout_basic, minmay_hexomino_f4
D:2:      layout_loops_cross, grunt_qazlal_sundering,
          eat_drink_and_be_merry_uskayaw
D:3:      layout_basic, bloody_trog, old_standard_altar,
          amethyst_overflow_temple_binary, small_statue_intersection,
          uniq_terence
D:4:      layout_loops_cross, okawaru_trees_2, nicolae_dithmenos_the_darkroom,
          kennysheep_mini, minmay_temple_entry_junction_2, portal_sewer_entry_d,
          lightli_ossuary_entry_decrepit_ruins, serial_shops, shop_fountains,
          kennysheep_cross_room, uniq_ijyb
Temple:   minmay_temple_curvy_loop

Skill      XL: |  1  2  3  4  5  6 |
---------------+-------------------+-----
Conjurations   | 2 |  2.7
Summonings     | 2 |  2.7
Translocations | 2 |  2.7
Invocations    | 1 2 |  2.3
Fighting       | 1 2 |  2.1
Short Blades   | 1 2 |  2.1
Long Blades    | 1 2 |  2.1
Axes           | 1 2 |  2.1
Maces & Flails | 1 2 |  2.1
Polearms       | 1 2 |  2.1
Staves         | 1 2 |  2.1
Slings         | 1 2 |  2.1
Bows           | 1 2 |  2.1
Crossbows      | 1 2 |  2.1
Throwing       | 1 2 |  2.1
Armour         | 1 2 |  2.1
Shields        | 1 2 |  2.1
Unarmed Combat | 1 2 |  2.1
Evocations     | 1 2 |  2.1
Hexes          | 1 |  1.6
Charms         | 1 |  1.6
Necromancy     | 1 |  1.6
Transmutations | 1 |  1.6
Fire Magic     | 1 |  1.6
Ice Magic      | 1 |  1.6
Air Magic      | 1 |  1.6
Earth Magic    | 1 |  1.6
Poison Magic   | 1 |  1.6
Dodging        | 5 |  5.0
Stealth        | |  4.6
Spellcasting   | |  7.4

Action                   |  1- 3 |  4- 6 || total
-------------------------+-------+-------++-------
Melee: Broad axe         |       |    26 ||    26
       Punch             |       |     1 ||     1
 Cast: Magic Dart        |    96 |   149 ||   245
       Conjure Flame     |       |     5 ||     5
       Mephitic Cloud    |       |     1 ||     1
 Stab: Sleeping          |       |     2 ||     2
       Confused          |       |     1 ||     1
  Eat: Chunk             |       |     5 ||     5
       Ration            |       |     1 ||     1
Armor: Robe              |     4 |     6 ||    10
Dodge: Dodged            |    16 |    70 ||    86

Table legend:
 A = Non-vault XP
 B = Vault XP
 C = Vault XP percentage of total XP
 D = Non-vault monster count
 E = Vault monster count
 F = Vault count percentage of total count
                 A         B        C        D         E       F
            +---------+---------+-------+---------+---------+-------
      Total |     510 |      40 |   7.3 |      88 |       4 |   4.3
            +---------+---------+-------+---------+---------+-------
        D:1 |      60 |       4 |   6.2 |      36 |       3 |   7.7
        D:2 |     162 |       0 |   0.0 |      23 |       0 |   0.0
        D:3 |     118 |      36 |  23.4 |      24 |       1 |   4.0
        D:4 |     170 |       0 |   0.0 |       5 |       0 |   0.0
            +---------+---------+-------+---------+---------+-------
